 Dungeon Crawl Stone Soup version 0.29-a0-96-g93358da72b (webtiles) character file.

Game seed: 14462393595639856174

308 drugrobin the Poker (level 5, -1/41 HPs)
             Began as a Demigod Warper on Feb 12, 2022.
             Slain by Grinder (2 damage)
             ... on level 4 of the Dungeon.
             The game lasted 00:12:03 (4871 turns).

drugrobin the Poker (Demigod Warper)                Turns: 4871, Time: 00:12:03

Health: -1/41      AC:  9    Str: 14 (16) XL:     5   Next: 94%
Magic:  0/10       EV:  9    Int: 14 (15) God:
Gold:   92         SH:  0    Dex: 10 (13) Spells: 5/7 levels left

rFire   + . .      SeeInvis +   a - +0 trident
rCold   + . .      Faith    .   (no shield)
rNeg    . . .      Spirit   +   n - +0 scale mail {rC+}
rPois   .          Reflect  .   q - +0 helmet
rElec   .          Harm     .   g - +0 cloak
rCorr   .          Rampage  .   s - +0 pair of gloves
Will    .....                   (no boots)
Stlth   ..........              o - amulet of guardian spirit
HPRegen 0.13/turn               k - ring of protection from fire
MPRegen 0.12/turn               p - ring of see invisible

@: silenced (expiring), hasted, very quick
A: high MP 1, forlorn, divine attributes
a: no special abilities


You were on level 4 of the Dungeon.
You visited 1 branch of the dungeon, and saw 4 of its levels.

You collected 92 gold pieces.

Inventory:

Hand Weapons
 a - a +0 trident (weapon)
 b - a +0 hunting sling
 c - a +0 spear
 j - a +0 halberd
 w - the +6 whip of Strategic Superiority {freeze, Drain rN++}
   (You found it on level 4 of the Dungeon)

   It freezes those it strikes, dealing additional cold damage.
   It can also slow down cold-blooded creatures.
   rN:        It greatly protects you from negative energy.
   Drain:     It drains your maximum health when unequipped.
Missiles
 d - 5 boomerangs of dispersal (quivered)
 f - 39 arrows
 m - 75 stones
 y - 11 sling bullets
Armour
 g - a +0 cloak (worn)
 i - a +0 chain mail
 n - a +0 scale mail of cold resistance (worn)
 q - a +0 helmet (worn)
 s - a +0 pair of gloves (worn)
 v - a +0 leather armour
Magical Staves
 h - a staff of poison
Jewellery
 k - a ring of protection from fire (left hand)
 o - an amulet of guardian spirit (around neck)
 p - a ring of see invisible (right hand)
 r - an amulet of magic regeneration
Scrolls
 t - a scroll of fog
 x - a scroll of enchant weapon {unknown}
 B - a scroll of teleportation {unknown}
 C - a scroll of fear {unknown}
 D - a scroll of magic mapping {unknown}
Potions
 l - 2 potions of flight


   Skills:
 - Level 1.7 Fighting
 + Level 6.0 Polearms
 - Level 0.8 Throwing
 - Level 0.8 Armour
 - Level 1.7 Dodging
 - Level 1.7 Spellcasting
 - Level 2.6 Translocations


You had 5 spell levels left.
You knew the following spells:

 Your Spells              Type           Power      Damage    Failure   Level
a - Blink                 Tloc           16%        N/A       47%         2

Your spell library contained the following spells:

 Spells                   Type           Power      Damage    Failure   Level
 Freeze                   Ice            4%         1d3       71%         1
 Gell's Gravitas          Tloc           8%         N/A       71%         3
 Lesser Beckoning         Tloc           8%         N/A       71%         3
 Teleport Other           Tloc           8%         N/A       71%         3
 Frozen Ramparts          Ice            2%         1d2       97%         3
 Hailstorm                Conj/Ice       1%         3d3       100%        4
 Manifold Assault         Tloc           8%         N/A       100%        5


Dungeon Overview and Level Annotations

Branches:
Dungeon (4/15)
 Temple: D:4-7

Annotations:
D:4 3 runed translucent doors, Grinder; cyrus's ghost, amateur NaFi


Innate Abilities, Weirdness & Mutations

You have an increased reservoir of magic. (+10% MP)
You shall have no god before yourself.
Your divine heritage dramatically boosts your attributes as you level up.


Message History

Grinder blinks!
Unknown command.
You completely miss the adder skeleton.
The adder skeleton bites you but does no damage.
You hit the adder skeleton.
The adder skeleton is lightly damaged.
The adder skeleton bites you but does no damage.
You hit the adder skeleton.
The adder skeleton is heavily damaged.
The adder skeleton closely misses you.
You puncture the adder skeleton!
You destroy the adder skeleton!
Okay, then.
Magic scrolls do not work when you're silenced!
You see here a ball python corpse.
Reach: a) +0 trident
Press: ? - help, Dir - move target, f - Grinder
Aim: Grinder (heavily wounded, about 47% to evade your +0 trident)
You reach to attack!
You barely miss Grinder.
Grinder is heavily wounded.
Unknown command.
Reach: a) +0 trident
Press: ? - help, Dir - move target, f/p - Grinder
Aim: Grinder (heavily wounded, about 47% to evade your +0 trident)
You reach to attack!
You puncture Grinder!
Grinder is severely wounded.
Unknown command.
You closely miss Grinder.
Grinder is severely wounded.
Grinder closely misses you.
Unknown command.
You barely miss Grinder.
Grinder is severely wounded.
Unknown command.
You closely miss Grinder.
Grinder is severely wounded.
Grinder hits you!
* * * LOW HITPOINT WARNING * * *
You writhe in agony.
You die...

##### #...#
#############...###
..................#
#############..5@.#
##...### #....# ###
.........# ....
######...# .....
>..## ...... ..#.#
...... #.##.#
..###. #. #.#


You could see Grinder.

Vanquished Creatures
  A hound (D:3)
  An orc priest (D:3)
  A gnoll shaman (D:3)
  Robin (D:3)
  4 gnolls
  6 adders
  An adder skeleton (D:4)
  2 dart slugs
  2 orcs (D:4)
  7 bats
  8 endoplasms
  15 giant cockroaches
  7 hobgoblins
  5 jackals
  7 kobolds
  3 quokkas
  9 ball pythons
  2 frilled lizards
  18 goblins
  4 rats
104 creatures vanquished.

Vanquished Creatures (others)
  8 demonic plants (D:1)
  2 fungi (D:1)
  2 plants (D:1)
  7 withered plants (D:1)
19 creatures vanquished.

Grand Total: 123 creatures vanquished

Notes
Turn   | Place    | Note
-------+----------+-------------------------------------------
     0 | D:1      | drugrobin the Demigod Warper began the quest for the Orb.
     0 | D:1      | Reached XP level 1. HP: 17/17 MP: 5/5
    67 | D:1      | Reached skill level 2 in Polearms
   318 | D:1      | Reached XP level 2. HP: 19/24 MP: 7/7
   632 | D:1      | Reached skill level 3 in Polearms
  1280 | D:2      | Reached XP level 3. HP: 29/29 MP: 8/8
  1427 | D:2      | Learned a level 2 spell: Blink
  2039 | D:2      | Reached skill level 4 in Polearms
  2323 | D:3      | Reached XP level 4. HP: 35/36 MP: 9/9
  2664 | D:3      | Noticed Robin
  2717 | D:3      | Killed Robin
  3235 | D:3      | Reached skill level 5 in Polearms
  3342 | D:3      | Reached XP level 5. HP: 41/41 MP: 10/10
  3742 | D:4      | Noticed cyrus's ghost (amateur NaFi)
  3742 | D:4      | Found a runed translucent gate.
  3742 | D:4      | Found a runed translucent gate.
  3743 | D:4      | Found a runed translucent gate.
  4509 | D:4      | Noticed Grinder
  4778 | D:4      | Reached skill level 6 in Polearms
  4834 | D:4      | Identified the +6 whip of Strategic Superiority {freeze,
                  | Drain rN++}
  4835 | D:4      | Paralysed by Grinder for 7 turns
  4848 | D:4      | Paralysed by Grinder for 7 turns
  4871 | D:4      | HP: 1/41 [Grinder (6)]
  4871 | D:4      | Slain by Grinder

Illustrated notes

Levels and vault maps discovered:
D:1:      saegor_arrival_simple_e, layout_loops_ring,
          shapermc_ecumenical_altar_gd
D:2:      minmay_roachtagon, layout_rooms
D:3:      layout_basic, tgw_xom, uniq_robin
D:4:      layout_rooms, ebering_ghost_rock_garden, uniq_grinder

Skill      XL: |  1  2  3  4  5 |
---------------+----------------+-----
Polearms       | 2 3 4 5 6 |  6.0
Fighting       | |  1.7
Throwing       | |  0.8
Armour         | |  0.8
Dodging        | |  1.7
Spellcasting   | |  1.7
Translocations | |  2.6

Action                   |  1- 3 |  4- 6 || total
-------------------------+-------+-------++-------
Melee: Spear             |   220 |   203 ||   423
       Punch             |       |     1 ||     1
       Trident           |       |    40 ||    40
 Fire: Hunting sling     |       |    12 ||    12
 Cast: Blink             |       |     1 ||     1
  Use: Potion            |       |     6 ||     6
       Scroll            |       |     4 ||     4
Armor: Leather armour    |    23 |       ||    23
       Scale mail        |    39 |   100 ||   139
       Skin              |       |     9 ||     9
Dodge: Dodged            |   100 |    84 ||   184

Table legend: (Time is in decaauts)
 A = Elapsed time spent in this place.
 B = Non-inter-level travel time spent in this place.
 C = Inter-level travel time spent in this place.
 D = Time resting spent in this place.
 E = Time spent auto-exploring this place.
 F = Levels seen in this place.
 G = Mean time per level.
                   A        B        C        D        E       F      G
               +--------+--------+--------+--------+--------+-----+--------+
         Total |   4828 |   4484 |    344 |   1162 |   2157 |   4 | 1207.0 |
       Dungeon |   4828 |   4484 |    344 |   1162 |   2157 |   4 | 1207.0 |
               +--------+--------+--------+--------+--------+-----+--------+

Top non-repeatable levels by time:
     D:3: 2214 daAuts
     D:1: 1266 daAuts
     D:2: 995 daAuts
     D:4: 352 daAuts
